 Dungeon Crawl Stone Soup version 0.25-a0-860-gf695395b5c (webtiles) character file.

Game seed: 7137604798706870408, levelgen mode: deterministic

731755 Flugkiller the Slayer (level 27, -33/401 HPs)
             Began as an Ogre Skald on Apr 27, 2020.
             Was a Follower of Uskayaw.
             Killed from afar by Inoax the pandemonium lord (64 damage)
             ... with a great icy blast
             ... on level 15 of the Dungeon on Apr 28, 2020.
             The game lasted 04:17:26 (86431 turns).

Flugkiller the Slayer (Ogre Skald)                 Turns: 86431, Time: 04:17:26

Health: -33/401    AC: 37    Str: 23    XL:     27
Magic:  29/39      EV: 20    Int: 18    God:    Uskayaw [*.....]
Gold:   5635       SH:  4    Dex: 14    Spells: 10/50 levels left

rFire    + + +     SeeInvis .   X - +11 plutonium sword {*Contam Stlth-}
rCold    + + .     Gourm    .   (shield currently unavailable)
rNeg     + . .     Faith    .   (armour currently unavailable)
rPois    ∞         Spirit   .   S - +1 hat {Int+3}
rElec    +         Reflect  +   C - +2 cloak {+Inv}
rCorr    +         Harm     .   (gloves unavailable)
MR       +++..     Rnd*Tele +   (boots unavailable)
Stlth    +.........             H - amulet of the Greedy {Reflect rPois rF++ rC+ SH+4 Stlth+}
HPRegen  0.76/turn              Y - ring of Robustness {AC+8}
MPRegen  0.26/turn              D - ring of protection from magic

@: statue-form, resistant, frozen, slightly contaminated, hasted, very slow
A: large, unfitting armour, horns 1, dopey 1, fire resistance 1, teleportitis 1,
subdued magic 1
0: Orb of Zot
}: 4/15 runes: serpentine, barnacled, silver, abyssal
a: End Transformation, Stomp, Renounce Religion, Evoke Invisibility


You were on level 15 of the Dungeon.
You worshipped Uskayaw.
Uskayaw was most pleased with you.
You were not hungry.
You were a stone statue.
You visited 10 branches of the dungeon, and saw 50 of its levels.
You visited the Abyss 3 times.
You also visited: Gauntlet, Ice Cave, Volcano and Wizlab.

You collected 10124 gold pieces.
You spent 4489 gold pieces at shops.

Inventory:

Hand Weapons
 X - the +11 plutonium sword (weapon) {*Contam Stlth-}
   (You bought it in a shop on level 8 of the Dungeon)

   It causes magical contamination when unequipped.
   It makes you less stealthy.
Missiles
 G - 63 silver javelins
 J - 10 throwing nets
 U - 155 large rocks (quivered)
Armour
 b - +6 acid dragon scales (melded)
   (You found it on level 12 of the Dungeon)
 C - a +2 cloak of invisibility (worn)
   (You found it on level 5 of the Vaults)
 S - a +1 hat of intelligence (worn)
   (You found it on level 2 of the Realm of Zot)
Jewellery
 c - a +4 ring of evasion
   (You found it on level 2 of the Depths)
 D - a ring of protection from magic (right hand)
   (You found it on level 4 of the Realm of Zot)
 H - the amulet of the Greedy (around neck) {Reflect rPois rF++ rC+ SH+4 Stlth+}
   (You found it on level 13 of the Dungeon)

   [amulet of reflection]

   It shields you and reflects attacks.
   It greatly protects you from fire.
   It protects you from cold.
   It protects you from poison.
   It affects your SH (+4).
   It makes you more stealthy.
 I - an uncursed ring of protection from cold
   (You took it off Kirke on level 1 of the Shoals)
 K - an uncursed ring of protection from fire
   (You found it on level 8 of the Dungeon)
 Y - the ring of Robustness (left hand) {AC+8}
   (You found it on level 2 of the Elven Halls)

   [ring of protection]

   It affects your AC (+8).
Wands
 h - a wand of digging (20)
   (You found it on level 7 of the Dungeon)
 j - a wand of scattershot (13)
   (You took it off a deep elf mage on level 2 of the Elven Halls)
 s - a wand of iceblast (39)
   (You took it off a deep elf mage on level 2 of the Vaults)
 L - a wand of disintegration (55)
   (You took it off an orc on level 8 of the Dungeon)
 P - a wand of enslavement (24)
   (You found it on level 14 of the Dungeon)
 R - a wand of acid (44)
   (You found it in an ice cave)
 T - a wand of paralysis (19)
   (You found it on level 4 of the Lair of Beasts)
 V - a wand of clouds (5)
   (You found it in a Gauntlet)
Scrolls
 g - 11 scrolls of fog
 l - 3 scrolls of summoning
 m - 43 scrolls of remove curse
 q - 7 scrolls of magic mapping
 u - 8 scrolls of teleportation
 v - 7 scrolls of immolation
 B - 2 scrolls of vulnerability
 E - 6 scrolls of fear
 F - 2 scrolls of silence
 M - 10 scrolls of blinking
 O - 15 scrolls of identify
Potions
 e - 11 potions of stabbing
 f - 3 potions of flight
 i - 3 potions of might
 k - 24 potions of curing
 p - 13 potions of brilliance
 r - 4 potions of magic
 w - 2 potions of invisibility
 x - 2 potions of resistance
 N - 3 potions of ambrosia
 Q - 2 potions of haste
 W - 4 potions of berserk rage
Miscellaneous
 t - 6 phantom mirrors
 y - a phial of floods
   (You found it in a Gauntlet)
 A - a lightning rod (4/4)
   (You found it on level 14 of the Dungeon)
 Z - 4 boxes of beasts
Comestibles
 d - 76 rations


   Skills:
 + Level 24.1 Fighting
 - Level 24.0 Long Blades
   Level 6.8 Maces & Flails
 - Level 15.0 Throwing
 - Level 17.0 Dodging
 - Level 12.0 Spellcasting
 - Level 5.0 Conjurations
 - Level 3.6 Hexes
 - Level 6.2 Charms
 - Level 5.0 Necromancy
 - Level 15.0 Translocations
 - Level 14.8 Transmutations
 - Level 14.8 Earth Magic
 - Level 18.0 Invocations
 - Level 8.0 Evocations


You had 10 spell levels left.
You knew the following spells:

 Your Spells              Type           Power        Failure   Level  Hunger
a - Infusion              Chrm           ####         1%          1    None
b - Shroud of Golubria    Chrm/Tloc      #####.       1%          2    None
c - Ozocubu's Armour      Chrm/Ice       ###.....     4%          3    None
d - Spectral Weapon       Hex/Chrm       ###.....     1%          3    None
e - Statue Form           Tmut/Erth      #####....    1%          6    ######.
f - Irradiate             Conj/Tmut      #####.....   2%          5    ####...
g - Borgnjor's Vile Clut  Necr/Erth      #####.....   2%          5    ####...
h - Lesser Beckoning      Tloc           #####.....   1%          3    None
i - Passage of Golubria   Tloc           N/A          1%          4    ##.....
j - Teleport Other        Tloc           #####...     1%          3    None
k - Passwall              Tmut/Erth      #####...     0%          2    None
q - Apportation           Tloc           #####.       0%          1    None
r - Blink                 Tloc           N/A          0%          2    None

Your spell library contained the following spells:

 Spells                   Type           Power        Failure   Level  Hunger
 Beastly Appendage        Tmut           #####.       0%          1    None
 Sandblast                Erth           #####.       0%          1    None
 Sticks to Snakes         Tmut           #####...     0%          2    None
 Animate Skeleton         Necr           N/A          1%          1    None
 Corona                   Hex            ###....      1%          1    None
 Foxfire                  Conj/Fire      ###.         1%          1    None
 Magic Dart               Conj           ###.         1%          1    None
 Pain                     Necr           ###.         1%          1    None
 Shock                    Conj/Air       ###.         1%          1    None
 Sting                    Tmut/Pois      ####         1%          1    None
 Slow                     Hex            ###.....     1%          2    None
 Song of Slaying          Chrm           ####....     1%          2    None
 Sublimation of Blood     Necr           ###.......   1%          2    None
 Swiftness                Chrm/Air       ###.....     1%          2    None
 Gell's Gravitas          Tloc           #####.....   1%          3    None
 Ignite Poison            Fire/Tmut/Pois ###.....     1%          3    None
 Recall                   Summ/Tloc      N/A          1%          3    None
 Spider Form              Tmut/Pois      ####......   1%          3    None
 Stone Arrow              Conj/Erth      #####.       1%          3    None
 Vampiric Draining        Necr           ###.......   1%          3    None
 Leda's Liquefaction      Hex/Erth       ####......   1%          4    ##.....
 Petrify                  Tmut/Erth      #####...     1%          4    ##.....
 Blade Hands              Tmut           #####.....   1%          5    ####...
 Lee's Rapid Deconstruct  Erth           #####.....   1%          5    ####...
 Hydra Form               Tmut           #####.....   1%          6    ######.
 Corpse Rot               Necr/Air       N/A          2%          2    None
 Dazzling Flash           Conj/Hex       ###...       2%          3    None
 Ice Form                 Ice/Tmut       ####....     2%          4    ##.....
 Ensorcelled Hibernation  Hex/Ice        ##....       3%          2    None
 Confusing Touch          Hex            ###.....     3%          3    None
 Tukima's Dance           Hex            ###.....     3%          3    None
 Yara's Violent Unravell  Hex/Tmut       ####......   3%          5    ####...
 Summon Small Mammal      Summ           #...         4%          1    None
 Conjure Flame            Conj/Fire      ###.....     5%          3    None
 Static Discharge         Conj/Air       ###.....     5%          3    None
 Summon Guardian Golem    Hex/Summ       ##......     7%          3    None
 Animate Dead             Necr           N/A          7%          4    ##.....
 Alistair's Intoxication  Tmut/Pois      ####....     7%          5    ####...
 Call Imp                 Summ           #.......     8%          2    None
 Poisonous Vapours        Pois/Air       #.....       8%          2    None
 Mephitic Cloud           Conj/Pois/Air  ##......     8%          3    None
 Fulminant Prism          Conj/Hex       ###.......   9%          4    ##.....
 Bolt of Magma            Conj/Fire/Erth ####......   10%         5    ####...
 Dragon Form              Tmut           #####.....   10%         7    #######
 Cause Fear               Hex            ###.......   12%         4    ##.....
 Iron Shot                Conj/Erth      #####.....   14%         6    ######.
 Call Canine Familiar     Summ           #.......     16%         3    None
 Excruciating Wounds      Chrm/Necr      ###.......   16%         5    ####...
 Iskenderun's Battlesphe  Conj/Chrm      ###.....     16%         5    ####...
 Agony                    Necr           ###.....     19%         5    ####...
 Eringya's Noxious Bog    Tmut/Pois      ####......   38%         6    ######.
 Airstrike                Air            #.........   50%         4    ##.....
 Olgreb's Toxic Radiance  Pois           #.......     50%         4    ##.....
 Summon Ice Beast         Ice/Summ       #.......     50%         4    ##.....
 Summon Lightning Spire   Summ/Air       #.......     50%         4    ##.....
 Fireball                 Conj/Fire      ###.......   50%         5    ####...
 Lightning Bolt           Conj/Air       ###.......   50%         5    ####...
 Metabolic Englaciation   Hex/Ice        ##........   58%         5    ####...
 Silence                  Hex/Air        ##........   58%         5    ####...
 Disjunction              Tloc           #####.....   61%         8    #######
 Death Channel            Necr           ###.......   73%         6    ######.
 Conjure Ball Lightning   Conj/Air       ###.......   97%         6    ######.
 Simulacrum               Ice/Necr       ###.......   97%         6    ######.
 Starburst                Conj/Fire      ###.......   97%         6    ######.
 Freezing Cloud           Conj/Ice/Air   ##........   99%         6    ######.
 Ozocubu's Refrigeration  Ice            #.........   100%        6    ######.
 Haunt                    Necr/Summ      ###.......   100%        7    #######
 Orb of Destruction       Conj           ###.......   100%        7    #######
 Ring of Flames           Chrm/Fire      ###.......   100%        7    #######
 Spellforged Servitor     Conj/Summ      ###.......   100%        7    #######
 Borgnjor's Revivificati  Necr           ###.......   100%        8    #######
 Death's Door             Chrm/Necr      ###.......   100%        8    #######
 Ignition                 Fire           #.........   100%        8    #######
 Infestation              Necr           ###.......   100%        8    #######
 Necromutation            Tmut/Necr      #####.....   100%        8    #######
 Dragon's Call            Summ           #.........   100%        9    #######
 Shatter                  Erth           #####.....   100%        9    #######
 Tornado                  Air            #.........   100%        9    #######


Dungeon Overview and Level Annotations

Branches:
Dungeon (15/15)            Temple (1/1) D:6            Lair (6/6) D:8
 Shoals (4/4) Lair:2        Snake (4/4) Lair:2        Slime (0/5) Lair:6
    Orc (2/2) D:11            Elf (3/3) Orc:2        Vaults (5/5) D:13
  Crypt (0/3) Vaults:2     Depths (5/5) D:15            Zot (5/5) Depths:5
  IceCv (visited)         Volcano (visited)          WizLab (visited)
Gauntlet (visited)

Altars:
Ashenzari
Cheibriados
Dithmenos
Elyvilon
Fedhas
Gozag
Hepliaklqana
Kikubaaqudgha
Makhleb
Nemelex Xobeh
Qazlal
Ru
Sif Muna
Trog
Uskayaw
Vehumet
Wu Jian
Xom
Yredelemnul
Zin
The Shining One
Beogh
Lugonu

Shops:
D:4 *   D:6 *   D:8 [((   D:10 %   Orc:2 }!?   Shoals:2 =   Shoals:4 :
Vaults:2 [   Vaults:4 =   Depths:1 =}}   Depths:5 *

Portals:
Hell: Depths:1 Depths:3 Depths:4 Depths:5
Abyss: Depths:4
Pandemonium: Depths:3 Depths:4
Ziggurat: Depths:3

Annotations:
D:5 2 runed translucent doors, Esekla's ghost, amateur OpWr
D:9 4 transporters, Sassenached's ghost, novice HOWn
D:10 exclusion: door
Lair:3 exclusion: 4 oklob plants
Elf:3 exclusion: orange crystal statue
Zot:2 exclusion: door


Innate Abilities, Weirdness & Mutations

You are too large for most types of armour.
((You have tough skin. (AC +1)))
You have a pair of small horns on your head.
You are dopey. (Int -2)
Your flesh is heat resistant. (rF+)
You are occasionally teleported next to monsters.
Your spells are a little easier to cast, but a little less powerful.


Message History

Press: ? - help, v - describe, . - travel
Here: Inoax, armed with a distorting touch The floor.
Unknown command.
Unknown command.
Unknown command.
Your extra speed is starting to run out.
You can no longer merge with and destroy a victim.
Okay, then.
Unknown command.
Okay, then.
Unknown command.
Press: ? - help, v - describe, . - travel
Here: Inoax, armed with a distorting touch The floor.
Unknown command.
Unknown command.
As you read the scroll of fog, it crumbles to dust.
The scroll dissolves into smoke.
Unknown command.
You feel yourself slow down.
You feel yourself speed up.
You feel better.
You feel better.
Unknown command.
Casting: Irradiate (mildly dangerous; 2% risk of failure)
Confirm with . or Enter, or press ? or * to list all spells.
You turn into a living statue of rough stone.
Your +6 acid dragon scales melds into your body.
Inoax hits you but does no damage.
You blink.
Unknown command.
Unknown command.
Unknown command.
You feel better.
Unknown command.
Unknown command.
You feel protected. Inoax gestures at you.
Inoax conjures a mighty blast of ice!
The great icy blast engulfs you!!! You partially resist.
* * * LOW HITPOINT WARNING * * *
You are encased in ice.
You can no longer pass through a line of other dancers.
Unknown command.
Unknown command.
Unknown command.
Inoax gestures at you.
Inoax conjures a mighty blast of ice!
The great icy blast engulfs you!!! You partially resist.
You die...

### #.# ############## #
..##########.#.#........# #######
#...#.......§...........###....&.
............☼§..#..#.#......&....
#..........#.§§§8..§§...##....##.
#...#.....#...#§§§§#§#..#&#..#.#.
#....#...#......§&§§§§...##..##..
................§§§§§§...........
#..#########################.....
#.############.##############''##
#.##......#...(..##≈≈≈≈§§§§§≈≈≈≈#
..##.#...#'#.#...##≈P..§§.§§§..≈≈
..##..#...#)......#≈...P§§§)....≈


You could see Inoax.

Vanquished Creatures
  A seraph (D:15)
  9 ancient liches
  10 orbs of fire
  Mennas (Vaults:4)
  Boris (Vaults:4)
  Sojobo (Vaults:2)
  Frederick (Vaults:4)
  A caustic shrike (Depths:3)
  2 Killer Klowns (Zot:5)
  3 curse toes
  Nikola (Shoals:1)
  3 pandemonium lords
  9 golden dragons
  4 bone dragons
  A Brimstone Fiend (Depths:3)
  2 electric golems (Zot:5)
  A Tzitzimitl (D:15)
  A Cloud Mage (WizLab)
  2 Hell Sentinels
  6 liches
  An Ice Fiend (Depths:1)
  26 Orb Guardians
  Rupert (D:15)
  24 tentacled monstrosities
  2 deep elf blademasters
  8 titans
  2 deep elf master archers (Elf:3)
  13 sphinxes
  3 Executioners
  10 quicksilver dragons
  5 death cobs
  2 tentacled starspawn (Abyss:4)
  Gastronok (Orc:1)
  Kirke (Shoals:1)
  4 draconian monks
  21 storm dragons
  5 shadow dragons
  12 tengu reavers
  A daeva (D:15)
  18 fire giants
  4 ghost moths
  Roxanne (Snake:2)
  10 nagarajas
  An azure jelly (Depths:5)
  7 vault wardens
  4 deep elf sorcerers
  Louise (Shoals:1)
  13 frost giants
  3 orc warlords
  3 iron dragons
  A caustic shrike zombie (Depths:4)
  14 draconian scorchers
  4 draconian knights
  An emperor scorpion (Depths:2)
  6 deep elf elementalists
  7 draconian shifters
  4 spriggan defenders
  A balrug (Depths:3)
  Aizul (Snake:2)
  An angel (D:15)
  11 ironheart preservers
  6 draconian stormcallers
  12 draconian annihilators
  21 stone giants
  4 war gargoyles
  A caustic shrike skeleton (Depths:4)
  3 entropy weavers
  27 very ugly things
  4 vampire knights
  Nessos (Orc:2)
  8 deep elf demonologists
  6 deep elf annihilators
  3 dire elephants
  6 red draconians
  13 green draconians
  16 purple draconians
  11 white draconians
  13 black draconians
  A minotaur (Gauntlet)
  14 yellow draconians
  17 ettins
  17 spark wasps
  Snorg (Lair:3)
  2 merfolk impalers
  6 deep elf death magi
  6 merfolk javelineers
  6 blizzard demons (WizLab)
  4 deep elf high priests
  Josephine (Orc:2)
  A crystal guardian (Vaults:4)
  16 yaktaur captains
  16 fire dragons
  13 ogre magi
  6 great orbs of eyes
  A rakshasa (Depths:1)
  2 spriggan air magi
  22 hydras
  27 vault guards
  17 naga warriors
  12 centaur warriors
  16 ice dragons
  2 merfolk avatars
  3 catoblepae
  An anaconda (shapeshifter) (Vaults:5)
  38 two-headed ogres
  8 satyrs
  2 ghost crabs (WizLab)
  24 dancing weapons
  An alligator (Vaults:1)
  3 death knights
  5 merfolk aquamancers
  An alligator snapping turtle (Shoals:3)
  11 anacondas
  9 deep troll earth magi
  A death scarab (Gauntlet)
  15 death yaks
  A hell hog (Zot:1)
  7 deep troll shamans
  2 tengu warriors
  2 soul eaters
  6 shock serpents
  The ghost of kae the Grappler, a novice DrTm of Wu Jian (D:8)
  2 spriggan berserkers
  6 orc high priests
  3 vampire magi
  A sun demon (Depths:3)
  Sonja (Orc:2)
  28 deep elf knights
  12 naga sharpshooters
  3 iron trolls
  5 small abominations
  A wretched star (Abyss:3)
  7 hell knights
  4 salamander mystics
  A fire crab (Volcano)
  4 death drakes
  2 shadow wraiths
  21 deep trolls
  A sixfirhy (Depths:3)
  A glowing orange brain (shapeshifter) (Depths:5)
  4 unseen horrors
  6 large abominations
  7 flayed ghosts
  A deep troll (shapeshifter) (Vaults:4)
  6 glowing orange brains
  A shadow demon (Zot:1)
  2 swamp dragons
  A wizard (D:13)
  8 naga ritualists
  5 sea snakes
  9 ironbrand convokers
  12 deep elf archers
  9 phantasmal warriors
  31 harpies
  58 deep elf magi
  2 necromancers
  2 lindwurms
  12 orc knights
  An orb spider (shapeshifter) (Depths:1)
  2 wolf spider zombies (D:15)
  A frost giant zombie (Abyss:3)
  10 mana vipers
  12 salamanders
  2 salamanders (shapeshifter) (D:15)
  10 orc sorcerers
  40 ugly things
  2 wolf spiders
  A worldbinder (Abyss:3)
  22 elephants
  31 moths of wrath
  16 cyclopes
  20 fauns
  3 apocalypse crabs
  23 manticores
  26 black mambas
  7 merfolk sirens
  A torpor snail (Lair:6)
  12 guardian serpents
  6 vault sentinels
  Psyche (D:10)
  A water nymph (shapeshifter) (D:15)
  12 naga magi
  A molten gargoyle (Volcano)
  An orange demon (Abyss:4)
  3 water nymphs
  14 spiny frogs
  A gargoyle (D:12)
  A spiny frog (shapeshifter) (Vaults:4)
  A kobold demonologist (D:15)
  A hellion (D:15)
  2 redback zombies (D:15)
  3 centaur skeletons
  5 starcursed masses (Abyss:4)
  6 rime drakes
  A tormentor (D:15)
  8 komodo dragons
  A golden dragon simulacrum (Depths:4)
  2 minotaur zombies (Gauntlet)
  54 yaktaurs
  4 freezing wraiths
  A guardian mummy (Zot:4)
  An efreet (D:12)
  A jumping spider (shapeshifter) (D:15)
  An ancient zyme (Abyss:4)
  35 merfolk
  2 ice devils (Lair:2)
  2 hellwings (Abyss:4)
  A polar bear (shapeshifter) (D:15)
  21 polar bears
  2 meliai
  2 tengu conjurers
  15 trolls
  A troll (shapeshifter) (Vaults:2)
  4 wind drakes
  11 hornets
  A harpy skeleton (D:14)
  25 slime creatures
  14 dream sheep
  8 snapping turtles
  A wolf spider simulacrum (D:15)
  5 raiju
  14 hippogriffs
  3 meliai zombies
  14 blink frogs
  A shadow (D:12)
  11 air elementals
  4 redbacks
  2 spriggans (shapeshifter)
  2 tarantellas
  18 water elementals
  2 vampires
  A basilisk (shapeshifter) (Depths:2)
  13 fire bats
  A yak (shapeshifter) (D:15)
  2 spriggans (Depths:5)
  A tarantella (shapeshifter) (Vaults:4)
  3 ynoxinuls
  A hog (shapeshifter) (Vaults:1)
  A wyvern (D:8)
  5 steam dragons
  Eustachio (D:5)
  A chaos spawn (Zot:1)
  4 fire elementals
  A neqoxec (D:15)
  8 wraiths
  5 basilisks
  77 yaks
  2 golden eyes (shapeshifter)
  3 golden eyes (D:15)
  A human simulacrum (Vaults:2)
  6 hungry ghosts
  4 hogs (Shoals:1)
  8 vampire mosquitoes
  A spectral komodo dragon (Gauntlet)
  Menkaure (D:5)
  8 wargs
  3 soldier ants
  8 water moccasins
  5 acid dragons
  49 nagas
  5 hell hounds
  A water moccasin (shapeshifter) (Depths:4)
  12 porcupines
  3 floating eyes
  2 floating eyes (shapeshifter) (Vaults:5)
  5 sky beasts
  A black bear (Snake:4)
  An eye of draining (D:15)
  65 orc warriors
  A swamp drake (Lair:6)
  3 phantoms
  6 ice beasts
  61 ogres
  9 boggarts
  25 centaurs
  12 wolves
  10 crocodiles
  3 big kobolds
  Blork the orc (D:4)
  20 bullfrogs
  An earth elemental (Elf:2)
  A wyvern skeleton (D:13)
  5 scorpions
  2 killer bees (Abyss:3)
  An elf simulacrum (Vaults:2)
  3 howler monkeys (D:7)
  7 wights
  5 lava snakes (Volcano)
  14 crimson imps
  5 centaur zombies
  6 hounds
  A quasit (Abyss:4)
  3 bullfrog skeletons (D:12)
  24 orc wizards
  A gnoll shaman (D:9)
  36 orc priests
  An iron imp (D:8)
  5 jellies
  Jessica (D:3)
  11 worker ants
  Natasha (thrice) (D:2)
  4 iguanas
  A killer bee zombie (D:6)
  A hound zombie (D:10)
  A hound skeleton (D:4)
  3 worker ant zombies
  13 adders
  16 gnolls
  A river rat (shapeshifter) (D:12)
  10 shadow imps
  2 oozes
  An adder skeleton (D:9)
  2 worms
  4 dart slugs
  7 leopard geckos
  112 orcs
  2 giant cockroaches
  6 goblins
  9 hobgoblins
  A hobgoblin (shapeshifter) (Zot:4)
  15 jackals
  4 quokkas
  7 bats
  3 frilled lizards
  20 kobolds
  6 rats
  3 crawling corpses (Vaults:4)
  A plant (Shoals:4)
  A starspawn tentacle (Abyss:4)
2577 creatures vanquished.

Vanquished Creatures (collateral kills)
  A vampire knight (Vaults:2)
1 creature vanquished.

Vanquished Creatures (others)
  Asterion (Depths:3)
  A death cob (Zot:2)
  A draconian monk (Zot:2)
  A draconian knight (Zot:5)
  A blizzard demon (WizLab)
  2 yaktaur captains (Vaults:4)
  A large abomination (Vaults:5)
  A spriggan air mage (WizLab)
  A dancing weapon (Elf:2)
  A death drake (WizLab)
  A deep troll (Vaults:4)
  An orc knight (Vaults:5)
  A deep elf mage (Elf:2)
  A red devil (D:15)
  A merfolk (Shoals:4)
  An air elemental (WizLab)
  A yak (IceCv)
  A fire bat (Volcano)
  A naga (Snake:2)
  2 wolves (IceCv)
  A boggart (Vaults:1)
  A centaur (Shoals:2)
  An orc priest (Orc:1)
  An orc wizard (D:8)
  An orc (Vaults:3)
  A bush (Shoals:1)
  A crawling corpse (Vaults:5)
  3 demonic plants (Gauntlet)
  3 fungi
  6 pillars of salt (Elf:2)
  62 plants
  115 spectral weapons
  A starspawn tentacle (Abyss:4)
219 creatures vanquished.

Grand Total: 2797 creatures vanquished

Notes
Turn   | Place    | Note
-------+----------+-------------------------------------------
     0 | D:1      | Flugkiller the Ogre Skald began the quest for the Orb.
     0 | D:1      | Reached XP level 1. HP: 22/22 MP: 3/3
   413 | D:1      | Reached XP level 2. HP: 28/31 MP: 1/5
   474 | D:1      | Learned a level 2 spell: Shroud of Golubria
   771 | D:1      | Reached XP level 3. HP: 35/40 MP: 6/6
  1025 | D:1      | Reached skill level 5 in Fighting
  1165 | D:1      | Learned a level 3 spell: Spectral Weapon
  1232 | D:2      | Found a shadowy altar of Dithmenos.
  1432 | D:2      | Reached XP level 4. HP: 49/50 MP: 1/7
  1781 | D:2      | Noticed Natasha
  1797 | D:2      | Killed Natasha
  1797 | D:2      | Reached skill level 1 in Hexes
  1865 | D:2      | Noticed Natasha
  1886 | D:2      | Killed Natasha
  1886 | D:2      | Reached XP level 5. HP: 19/57 MP: 4/9
  2109 | D:2      | Noticed Natasha
  2110 | D:2      | Found a glowing golden altar of the Shining One.
  2122 | D:2      | Killed Natasha
  2313 | D:2      | Learned a level 3 spell: Ozocubu's Armour
  3170 | D:3      | Found a blossoming altar of Fedhas.
  3221 | D:3      | Noticed Jessica
  3226 | D:3      | Killed Jessica
  3384 | D:3      | Reached XP level 6. HP: 64/66 MP: 6/10
  3495 | D:3      | Found a shimmering blue altar of Sif Muna.
  3495 | D:3      | Found an opulent altar of Gozag.
  3924 | D:3      | Found a shimmering altar of Xom.
  4261 | D:4      | Found a white marble altar of Elyvilon.
  4261 | D:4      | Found a glowing silver altar of Zin.
  4807 | D:4      | Found Mam Neud's General Store.
  4895 | D:4      | Found an ornate altar of the Wu Jian Council.
  4934 | D:4      | Noticed Blork the orc
  4950 | D:4      | Killed Blork the orc
  4950 | D:4      | Reached skill level 5 in Charms
  5222 | D:4      | Reached XP level 7. HP: 72/72 MP: 11/11
  5320 | D:5      | Entered Level 5 of the Dungeon
  5435 | D:5      | Noticed Menkaure
  5446 | D:5      | Killed Menkaure
  6407 | D:5      | Found a runed translucent door.
  6411 | D:5      | Noticed Eustachio
  7170 | D:5      | Killed Eustachio
  7170 | D:5      | Reached XP level 8. HP: 53/80 MP: 8/12
  7209 | D:5      | Reached skill level 1 in Evocations
  7774 | D:5      | Found a runed translucent door.
  7776 | D:5      | Noticed Esekla's ghost (amateur OpWr)
  7907 | D:5      | Found a shattered altar of Ashenzari.
  8081 | D:5      | Gained mutation: You can translocate small distances at
                  | will. [potion of mutation]
  8081 | D:5      | Gained mutation: Your natural rate of healing is unusually
                  | fast. [potion of mutation]
  8081 | D:5      | Gained mutation: You have supernaturally acute eyesight.
                  | (SInv) [potion of mutation]
  8081 | D:5      | Gained mutation: You are surrounded by a mild repulsion
                  | field. (EV +2) [potion of mutation]
  8609 | D:6      | Found a staircase to the Ecumenical Temple.
  8622 | Temple   | Entered the Ecumenical Temple
  8645 | Temple   | Became a worshipper of Uskayaw the Reveler
  8687 | D:6      | Found Kuge's General Store.
  8792 | D:6      | Reached * piety under Uskayaw
  8882 | D:6      | Reached ** piety under Uskayaw
  8886 | D:6      | Reached *** piety under Uskayaw
  8895 | D:6      | Reached **** piety under Uskayaw
  9167 | D:6      | Found a stormy altar of Qazlal.
  9533 | D:7      | Noticed a hippogriff
  9542 | D:7      | Killed a hippogriff
  9744 | D:7      | Noticed a hippogriff
  9753 | D:7      | Killed a hippogriff
  9753 | D:7      | Reached skill level 5 in Maces & Flails
  9753 | D:7      | Reached XP level 9. HP: 63/93 MP: 11/13
 10855 | D:8      | Found a shattered altar of Ashenzari.
 10880 | D:8      | Found Kielimept's Weapon Boutique.
 10894 | D:8      | Found a large runed translucent door.
 10968 | D:8      | Found Winesm's Weapon Shoppe.
 11000 | D:8      | Found a large runed translucent door.
 11002 | D:8      | Noticed kae's ghost (novice DrTm)
 11063 | D:8      | Killed kae's ghost
 11063 | D:8      | Reached skill level 5 in Dodging
 11063 | D:8      | Reached XP level 10. HP: 99/105 MP: 6/14
 11161 | D:8      | Reached skill level 1 in Invocations
 11278 | D:8      | Found Lasa's Armour Emporium.
 11473 | D:8      | Found a staircase to the Lair.
 11692 | D:8      | Found a snail-covered altar of Cheibriados.
 11823 | D:9      | Noticed a two-headed ogre
 11824 | D:9      | Noticed a two-headed ogre
 11824 | D:9      | Noticed Sassenached's ghost (novice HOWn)
 11825 | D:9      | Found a transporter.
 12081 | D:9      | Found a transporter.
 12083 | D:9      | Found a transporter.
 12182 | D:9      | Found a transporter.
 12209 | D:9      | Found a basalt altar of Yredelemnul.
 12752 | D:10     | Entered Level 10 of the Dungeon
 12767 | D:10     | Found Jubig's Food Boutique.
 12780 | D:10     | Reached skill level 10 in Fighting
 12793 | D:10     | Reached skill level 5 in Invocations
 13156 | D:10     | Noticed Psyche
 13157 | D:10     | Killed Psyche
 13673 | D:10     | Found the ring of the Octopus King
 13684 | D:10     | Reached XP level 11. HP: 112/119 MP: 9/15
 14556 | D:11     | Found an opulent altar of Gozag.
 14611 | D:11     | Noticed a manticore
 14616 | D:11     | Noticed a cyan ugly thing
 14620 | D:11     | Killed a manticore
 14629 | D:11     | Killed a cyan ugly thing
 14639 | D:11     | Reached ***** piety under Uskayaw
 15199 | D:11     | Found a staircase to the Orcish Mines.
 15369 | Lair:1   | Entered Level 1 of the Lair of Beasts
 16096 | Lair:2   | Found a staircase to the Snake Pit.
 16165 | Lair:2   | Found a staircase to the Shoals.
 16276 | Lair:2   | Noticed a six-headed hydra
 16283 | Lair:2   | Killed a six-headed hydra
 16283 | Lair:2   | Reached XP level 12. HP: 98/132 MP: 14/18
 16400 | Lair:2   | Reached skill level 5 in Evocations
 16401 | Lair:2   | Found a frozen archway.
 16416 | IceCv    | Entered an ice cave
 16949 | IceCv    | Noticed a death yak
 16959 | IceCv    | Killed a death yak
 17229 | IceCv    | Noticed a frost giant
 17237 | IceCv    | Killed a frost giant
 17237 | IceCv    | Reached skill level 10 in Dodging
 17367 | IceCv    | Got a faintly glowing crystal plate armour
 17634 | Lair:2   | Reached XP level 13. HP: 130/146 MP: 15/19
 17758 | Lair:2   | Identified the +0 crystal plate armour of the Big Bang
                  | {Str+2 SInv} (You found it in an ice cave)
 18287 | Lair:3   | Found a gate leading to a gauntlet.
 18359 | Gauntlet | Entered a Gauntlet
 18359 | Gauntlet | Found a transporter.
 18359 | Gauntlet | Found a transporter.
 18359 | Gauntlet | Found a transporter.
 18375 | Gauntlet | Found a transporter.
 18379 | Gauntlet | Found a transporter.
 18388 | Gauntlet | Noticed a great orb of eyes
 18389 | Gauntlet | Found a transporter.
 18410 | Gauntlet | Found a transporter.
 18416 | Gauntlet | Found a transporter.
 18424 | Gauntlet | Found a transporter.
 18441 | Gauntlet | Found a transporter.
 18449 | Gauntlet | Found a transporter.
 18466 | Gauntlet | Found a transporter.
 18547 | Gauntlet | Reached skill level 10 in Invocations
 18934 | Gauntlet | Identified the +10 demon trident of Ru's Reproof {pain,
                  | +Fly rPois}
 18934 | Gauntlet | Noticed a minotaur
 18940 | Gauntlet | Killed a minotaur
 18957 | Gauntlet | Got a jewelled dagger
 18957 | Gauntlet | Got an encrusted flail
 18982 | Gauntlet | Identified the +9 flail of Extermination {vorpal, *Corrode
                  | MR++} (You found it in a Gauntlet)
 19013 | Lair:3   | Identified the +4 dagger of the Desolation of Salt {flame,
                  | rC+} (You found it in a Gauntlet)
 19194 | Lair:3   | Noticed Snorg
 19206 | Lair:3   | Killed Snorg
 19634 | Lair:3   | Reached skill level 15 in Fighting
 20153 | Lair:4   | Found a dark tunnel.
 20162 | Volcano  | Entered a volcano
 20446 | Volcano  | Found a radiant altar of Vehumet.
 20472 | Volcano  | Reached XP level 14. HP: 104/159 MP: 16/23
 22868 | Lair:6   | Entered Level 6 of the Lair of Beasts
 23115 | Lair:6   | Found a blossoming altar of Fedhas.
 23122 | Lair:6   | Found a staircase to the Slime Pits.
 23713 | Lair:5   | Reached XP level 15. HP: 132/174 MP: 18/24
 24147 | Lair:6   | Reached skill level 1 in Throwing
 24611 | Lair:6   | Got a faintly glowing trident
 24612 | Lair:6   | Identified the +8 trident of Sunlight {vorpal, Dex+4} (You
                  | found it on level 6 of the Lair of Beasts)
 25501 | Orc:1    | Entered Level 1 of the Orcish Mines
 25507 | D:11     | Reached skill level 5 in Throwing
 26058 | Orc:1    | Found a roughly hewn altar of Beogh.
 26094 | Orc:1    | You fall into a shaft and drop 1 floor!
 26094 | Orc:2    | Entered Level 2 of the Orcish Mines
 26248 | Orc:2    | Got a slimy great sword
 26249 | Orc:2    | Identified the +8 great sword "Xyegyefa" {holy, Fragile
                  | +Rage +Fly rF+++ Int-4} (You found it on level 2 of the
                  | Orcish Mines)
 26302 | Orc:2    | Noticed Nessos
 26346 | Orc:2    | Killed Nessos
 26346 | Orc:2    | Reached skill level 1 in Long Blades
 26428 | Orc:2    | Found a staircase to the Elven Halls.
 26878 | Orc:2    | Noticed Josephine
 26883 | Orc:2    | Killed Josephine
 27108 | D:8      | Bought the +11 plutonium sword {*Contam Stlth-} for 1200
                  | gold pieces
 27108 | D:8      | Found the +11 plutonium sword {*Contam Stlth-}
 27386 | Orc:1    | Noticed Gastronok
 27650 | Orc:1    | Killed Gastronok
 28067 | Orc:2    | Found a roughly hewn altar of Beogh.
 28070 | Orc:2    | Reached skill level 5 in Long Blades
 28418 | Orc:2    | Noticed Sonja
 28421 | Orc:2    | Killed Sonja
 28593 | Orc:2    | Found Koqigiy's General Store.
 28798 | Orc:2    | Noticed an orc warlord
 28855 | Orc:2    | Killed an orc warlord
 29048 | Orc:2    | Found a roughly hewn altar of Beogh.
 29145 | Orc:2    | Reached XP level 16. HP: 176/185 MP: 23/25
 29357 | Orc:2    | Found Xazemaz's Gadget Emporium.
 29574 | Orc:2    | Found Etypp's Distillery.
 29595 | Orc:2    | Found Ilequty's Magic Scroll Shop.
 30405 | D:4      | Bought a scroll of enchant armour for 75 gold pieces
 30405 | D:4      | Bought a scroll of enchant armour for 75 gold pieces
 30405 | D:4      | Bought 3 scrolls of teleportation for 90 gold pieces
 30405 | D:4      | Bought 2 potions of heal wounds for 100 gold pieces
 30626 | Orc:2    | Bought a potion of heal wounds for 65 gold pieces
 30626 | Orc:2    | Bought a potion of heal wounds for 65 gold pieces
 30626 | Orc:2    | Bought a potion of heal wounds for 65 gold pieces
 30626 | Orc:2    | Bought a potion of invisibility for 104 gold pieces
 30626 | Orc:2    | Bought a potion of haste for 130 gold pieces
 30626 | Orc:2    | Bought a potion of invisibility for 104 gold pieces
 30626 | Orc:2    | Bought 2 potions of heal wounds for 130 gold pieces
 30626 | Orc:2    | Bought a potion of invisibility for 104 gold pieces
 30804 | D:6      | Bought 3 scrolls of magic mapping for 105 gold pieces
 30804 | D:6      | Bought a potion of curing for 30 gold pieces
 30804 | D:6      | Bought a potion of resistance for 100 gold pieces
 32576 | D:12     | Reached skill level 10 in Long Blades
 32713 | D:12     | Noticed a tengu reaver
 32723 | D:12     | Killed a tengu reaver
 33552 | D:13     | Found a gate to the Vaults.
 33848 | D:13     | Found a huge runed gate.
 33848 | D:13     | Found a huge runed gate.
 33848 | D:13     | Found a huge runed gate.
 33848 | D:13     | Found a huge runed gate.
 33848 | D:13     | Found a huge runed gate.
 33849 | D:13     | Found a huge runed gate.
 33850 | D:13     | Found a huge runed gate.
 33851 | D:13     | Found a huge runed gate.
 33851 | D:13     | Found a huge runed gate.
 33852 | D:13     | Found a huge runed gate.
 33858 | D:13     | Found a huge runed gate.
 33858 | D:13     | Found a huge runed gate.
 33859 | D:13     | Found a huge runed gate.
 33872 | D:13     | Found a huge runed gate.
 33873 | D:13     | Found a huge runed gate.
 33874 | D:13     | Found a huge runed gate.
 33875 | D:13     | Found a huge runed gate.
 33876 | D:13     | Found a huge runed gate.
 33894 | D:13     | Found a huge runed gate.
 33894 | D:13     | Found a huge runed gate.
 33894 | D:13     | Found a huge runed gate.
 33895 | D:13     | Found a huge runed gate.
 33900 | D:13     | Found a huge runed gate.
 33900 | D:13     | Found a huge runed gate.
 33900 | D:13     | Found a huge runed gate.
 33900 | D:13     | Found a huge runed gate.
 34864 | D:13     | Noticed a tengu reaver
 34865 | D:13     | Noticed a tengu reaver
 34865 | D:13     | Noticed a sphinx
 34893 | D:12     | Killed a sphinx
 35321 | D:12     | Killed a tengu reaver
 35517 | D:12     | Reached XP level 17. HP: 159/193 MP: 20/26
 36288 | D:13     | Got a scintillating ruby amulet
 36289 | D:13     | Identified the amulet of the Greedy {Reflect rPois rF++ rC+
                  | SH+4 Stlth+} (You found it on level 13 of the Dungeon)
 36389 | D:14     | Identified the +0 robe of the Furies {rElec MR+} (You found
                  | it on level 14 of the Dungeon)
 37085 | D:15     | Entered Level 15 of the Dungeon
 37372 | D:15     | Noticed Rupert
 37380 | D:15     | Killed Rupert
 37460 | D:15     | Found a staircase to the Depths.
 37692 | D:15     | Found a bloodstained altar of Trog.
 37693 | D:15     | Found a hide-covered altar of Uskayaw.
 37693 | D:15     | Found a shimmering altar of Xom.
 38467 | D:15     | Identified the ring of Amotwiud {*Tele rC- Str+6}
 38855 | D:15     | Reached skill level 15 in Long Blades
 38935 | D:15     | Identified the Volume of Enhancements
 39677 | Snake:1  | Entered Level 1 of the Snake Pit
 40331 | Snake:1  | Reached XP level 18. HP: 195/202 MP: 20/27
 41933 | Snake:2  | Noticed Aizul
 41952 | Snake:2  | Killed Aizul
 42350 | Snake:2  | Noticed Roxanne
 42463 | Snake:2  | Killed Roxanne
 44096 | Snake:4  | Entered Level 4 of the Snake Pit
 44596 | Snake:4  | Reached ****** piety under Uskayaw
 44803 | Snake:4  | Learned a level 6 spell: Statue Form
 44881 | Snake:4  | Reached skill level 1 in Transmutations
 44881 | Snake:4  | Reached skill level 1 in Earth Magic
 45061 | Snake:4  | Reached XP level 19. HP: 211/211 MP: 24/28
 45333 | Snake:4  | Reached skill level 5 in Spellcasting
 46108 | Snake:4  | Got a serpentine rune of Zot
 46555 | Shoals:1 | Entered Level 1 of the Shoals
 46636 | Shoals:1 | Noticed Nikola
 46653 | Shoals:1 | Killed Nikola
 46748 | Shoals:1 | Noticed Louise
 46769 | Shoals:1 | Killed Louise
 46802 | Shoals:1 | Reached skill level 5 in Earth Magic
 46805 | Shoals:1 | Reached skill level 5 in Transmutations
 47205 | Shoals:1 | Noticed Kirke
 47525 | Shoals:1 | Killed Kirke
 48453 | Shoals:2 | Found Witiluch's Jewellery Boutique.
 49441 | Shoals:3 | Reached XP level 20. HP: 200/221 MP: 32/32
 49770 | Shoals:4 | Entered Level 4 of the Shoals
 51097 | Shoals:4 | Identified the +5 spear of the Spinneret {speed, rF+}
 51097 | Shoals:4 | Identified the +1 scale mail "Myipnihu" {rElec Str-5 Slay+3
                  | SInv}
 51792 | Shoals:4 | Found Iloruc's Book Shoppe.
 52379 | Shoals:4 | Got a barnacled rune of Zot
 52478 | Shoals:4 | Identified Wuboun's Grimoire of Supportive Stolen Souls
 52793 | Elf:1    | Entered Level 1 of the Elven Halls
 52913 | Elf:1    | Identified the +7 quarterstaff of Gos Ydghe {drain, Str+5}
                  | (You found it on level 1 of the Elven Halls)
 53616 | Elf:1    | Identified the +11 trident "Xusiw" {freeze, *Slow rC++
                  | Int+3 Stlth+} (You found it on level 1 of the Elven Halls)
 55320 | Vaults:1 | Entered Level 1 of the Vaults
 55528 | Vaults:1 | You fall into a shaft and drop 1 floor!
 55528 | Vaults:2 | Found Nal Vur's Armour Shoppe.
 55630 | Vaults:2 | Reached skill level 10 in Transmutations
 55630 | Vaults:2 | Reached skill level 10 in Earth Magic
 56178 | Vaults:2 | Noticed Margery
 56265 | Vaults:2 | Noticed Sojobo
 56767 | Vaults:2 | Noticed Margery
 56767 | Vaults:2 | Margery changed into Margery the titan
 56771 | Vaults:2 | Noticed Margery
 56771 | Vaults:2 | Margery the titan changed into Margery the dire elephant
 56772 | Vaults:2 | Killed Margery the dire elephant
 56780 | Vaults:2 | Reached XP level 21. HP: 110/230 MP: 33/33
 57972 | Vaults:2 | Learned a level 5 spell: Irradiate
 57978 | Vaults:2 | Learned a level 5 spell: Borgnjor's Vile Clutch
 58063 | Vaults:2 | Reached skill level 1 in Conjurations
 58063 | Vaults:2 | Reached skill level 1 in Necromancy
 58638 | Vaults:2 | Killed Sojobo
 59172 | Vaults:2 | Found a staircase to the Crypt.
 60255 | Vaults:3 | Paralysed by a great orb of eyes for 3 turns
 60608 | Vaults:4 | Found Anekhlaa's Jewellery Boutique.
 60861 | Vaults:4 | Reached skill level 10 in Spellcasting
 60864 | Vaults:4 | Reached XP level 22. HP: 222/239 MP: 36/36
 60872 | Vaults:4 | Reached skill level 5 in Conjurations
 61086 | Vaults:4 | Reached skill level 5 in Necromancy
 61577 | Vaults:4 | Paralysed by a floating eye for 4 turns
 61741 | Vaults:4 | Paralysed by a great orb of eyes for 7 turns
 61981 | Vaults:4 | Noticed Frederick
 61991 | Vaults:4 | Killed Frederick
 61993 | Vaults:4 | Noticed Mennas
 62264 | Vaults:4 | Killed Mennas
 63606 | Shoals:4 | Bought a book of Spatial Translocations for 780 gold pieces
 63610 | Shoals:4 | Learned a level 3 spell: Lesser Beckoning
 63615 | Shoals:4 | Learned a level 4 spell: Passage of Golubria
 64013 | Elf:2    | Found a shimmering blue altar of Sif Muna.
 64068 | Elf:2    | Reached skill level 1 in Translocations
 64173 | Elf:2    | Found the ring of Robustness {AC+8}
 64251 | Elf:2    | Found a huge runed translucent gate.
 64251 | Elf:2    | Found a huge runed translucent gate.
 64251 | Elf:2    | Found a huge runed translucent gate.
 64251 | Elf:2    | Found a huge runed translucent gate.
 64253 | Elf:2    | Found a huge runed translucent gate.
 64606 | Elf:2    | Reached skill level 5 in Translocations
 64960 | Elf:3    | Entered Level 3 of the Elven Halls
 64981 | Elf:3    | Reached XP level 23. HP: 247/247 MP: 33/37
 65190 | Elf:3    | Found a shimmering blue altar of Sif Muna.
 65237 | Elf:3    | Reached skill level 10 in Translocations
 65506 | Elf:3    | Identified the cursed +0 mace of the Rattlesnake {flame,
                  | rElec Str+5}
 65512 | Elf:3    | Identified the +0 leather armour of the Cicada {+Fly MR-
                  | Str+4}
 65518 | Elf:3    | Identified the +6 scimitar "Mucejiov" {flame, rC+ Str-3
                  | Dex+5}
 65692 | Elf:3    | Identified the +3 battleaxe of the Equator {venom, *Slow
                  | rElec rF+ rN+}
 65692 | Elf:3    | Identified the amulet "Jefenal" {Acrobat rElec Stlth+}
 65973 | Elf:3    | Identified Tezel's Tome of Transmutation and the Oath
 66030 | Elf:3    | Identified the +10 fustibalus of Vobips {venom, *Contam
                  | rElec Str+4 Dex+4} (You found it on level 3 of the Elven
                  | Halls)
 66454 | Depths:1 | Entered Level 1 of the Depths
 66621 | Depths:1 | Found a magical portal.
 66636 | WizLab   | Entered The Chambers of the Cloud Mage
 67236 | WizLab   | Identified the Papyrus of Lightness
 67242 | WizLab   | Identified the Reference Book on Burning Good Luck
 67252 | WizLab   | Identified Lom Lobon's Guide on the Traveller
 67465 | Depths:1 | Found a gateway to Hell.
 67815 | Depths:1 | Reached XP level 24. HP: 261/261 MP: 0/37
 67970 | Depths:1 | Noticed Mara
 67974 | Depths:1 | Noticed Flugkiller's illusion
 67974 | Depths:1 | Noticed Mara
 67974 | Depths:1 | Mara changed into Mara the hellephant
 67977 | Depths:1 | Noticed Mara
 67977 | Depths:1 | Mara changed into Mara the Ice Fiend
 68244 | Depths:1 | Found Ciogg's Jewellery Boutique.
 68244 | Depths:1 | Found Jeb Yheynguw's Gadget Shoppe.
 68245 | Depths:1 | Found Tegifauf's Gadget Shoppe.
 68250 | Depths:1 | Bought a wand of scattershot (7) for 561 gold pieces
 68250 | Depths:1 | Bought a wand of acid (11) for 510 gold pieces
 68282 | Depths:1 | Killed Mara the Ice Fiend
 68804 | Depths:2 | Got a scorched spear
 68959 | Depths:2 | Reached skill level 15 in Invocations
 69305 | Depths:3 | Found a gateway to a ziggurat.
 69459 | Depths:3 | Found a one-way gate leading to the halls of Pandemonium.
 69520 | Depths:3 | Found a runed translucent door.
 69539 | Depths:3 | Found a blossoming altar of Fedhas.
 69576 | Depths:3 | Noticed a caustic shrike
 69577 | Depths:3 | Identified the ring "Qirr" {+Fly rPois rN+ AC+1 Dex+5
                  | Stlth+}
 69583 | Depths:3 | Identified the cursed ring "Iraokel" {rC+ AC-3}
 69584 | Depths:3 | Killed a caustic shrike
 69597 | Depths:3 | Paralysed by a vampire knight for 5 turns
 69712 | Depths:3 | Identified the ring "Qeph" {*Tele +Blink rN+} (You found it
                  | on level 3 of the Depths)
 69727 | Depths:3 | Got a glittering ivory ring
 69728 | Depths:3 | Identified the ring of Doubts {*Corrode rPois rF+ rC+++
                  | MR-} (You found it on level 3 of the Depths)
 70166 | Depths:3 | Reached skill level 15 in Dodging
 70449 | Depths:3 | Noticed Asterion
 70465 | Depths:3 | Killed Asterion
 70913 | Depths:4 | Found a corrupted altar of Lugonu.
 70914 | Depths:4 | Found a one-way gate to the infinite horrors of the Abyss.
 70923 | Depths:4 | Reached XP level 25. HP: 275/275 MP: 33/37
 71092 | Depths:4 | Cast into level 3 of the Abyss (a lich)
 71247 | Abyss:3  | Learned a level 1 spell: Apportation
 71308 | Abyss:3  | Got an abyssal rune of Zot
 71615 | Depths:4 | Escaped the Abyss
 72653 | Depths:5 | Entered Level 5 of the Depths
 72722 | Depths:5 | Found Satiosu's General Store.
 72764 | Depths:5 | Bought a potion of curing for 48 gold pieces
 72764 | Depths:5 | Bought a potion of curing for 48 gold pieces
 72917 | Depths:5 | Got a translucent ruby amulet
 72918 | Depths:5 | Identified the amulet of Nore {Harm *Drain rC+ MR+ Str+6}
                  | (You found it on level 5 of the Depths)
 73144 | Depths:5 | Found a gate to the Realm of Zot.
 73210 | Depths:5 | Reached XP level 26. HP: 146/291 MP: 21/37
 74356 | Vaults:5 | Entered Level 5 of the Vaults
 74371 | Vaults:5 | Noticed Boris
 74542 | Vaults:4 | Killed Boris
 74681 | Vaults:5 | Noticed an ancient lich
 74908 | Vaults:5 | Cast into level 3 of the Abyss (a deep elf sorcerer)
 74994 | Vaults:5 | Escaped the Abyss
 75167 | Vaults:4 | Killed an ancient lich
 75280 | Vaults:5 | Identified the +10 broad axe of Corporal Punishment {pain,
                  | Str+4}
 75629 | Vaults:5 | Reached XP level 27. HP: 300/300 MP: 33/37
 75698 | Vaults:5 | Found the +3 warlock's mirror {reflect}
 75701 | Vaults:5 | Identified Ynnoq's Almanac of Ashen Darkness
 75706 | Vaults:5 | Got a wavering emerald amulet
 75708 | Vaults:5 | Identified the amulet "Tiefung" {Acrobat rPois Str+4 Dex+3}
                  | (You found it on level 5 of the Vaults)
 75715 | Vaults:5 | Got a silver rune of Zot
 75718 | Vaults:5 | Got a warped graven amulet
 75719 | Vaults:5 | Identified the amulet "Nuaqisch" {Harm *Drain MP+9 Str+3}
                  | (You found it on level 5 of the Vaults)
 75723 | Vaults:5 | Got a bloodstained longbow
 75724 | Vaults:5 | Identified the +6 longbow of Sulphur {freeze, rF- rC+
                  | Int+5} (You found it on level 5 of the Vaults)
 76461 | Vaults:5 | Got a brightly glowing quarterstaff
 77033 | Depths:1 | Learned a level 3 spell: Teleport Other
 77036 | Depths:1 | Learned a level 2 spell: Blink
 77170 | Zot:1    | Entered Level 1 of the Realm of Zot
 77211 | Zot:2    | Identified the +1 cloak "Lub Wust" {MR+ Str+3} (You found
                  | it on level 2 of the Realm of Zot)
 78420 | Zot:4    | Noticed an ancient lich
 78429 | Zot:4    | Killed an ancient lich
 78441 | Zot:4    | Noticed an ancient lich
 78452 | Zot:4    | Killed an ancient lich
 78622 | Zot:4    | wait why is there a mummy in zot lol
 78691 | Zot:4    | Noticed an orb of fire
 78695 | Zot:4    | Gained mutation: You are frail. (-10% HP) [an orb of fire]
 78699 | Zot:4    | Gained mutation: You are very frail. (-20% HP) [an orb of
                  | fire]
 78702 | Zot:4    | Killed an orb of fire
 78702 | Zot:4    | Reached skill level 15 in Translocations
 78922 | Zot:4    | Lost mutation: Your natural rate of healing is unusually
                  | fast. [potion of mutation]
 78922 | Zot:4    | Lost mutation: You are very frail. (-20% HP) [potion of
                  | mutation]
 78922 | Zot:4    | Lost mutation: You can translocate small distances at will.
                  | [potion of mutation]
 78922 | Zot:4    | Lost mutation: You are surrounded by a mild repulsion
                  | field. (EV +2) [potion of mutation]
 78922 | Zot:4    | Lost mutation: You have supernaturally acute eyesight.
                  | (SInv) [potion of mutation]
 78922 | Zot:4    | Gained mutation: You are covered in fur. (AC +1) [potion of
                  | mutation]
 78923 | Zot:4    | Lost mutation: You are frail. (-10% HP) [potion of
                  | mutation]
 78923 | Zot:4    | Gained mutation: You have sharp toenails. [potion of
                  | mutation]
 78923 | Zot:4    | Gained mutation: You are resistant to hostile enchantments.
                  | (MR+) [potion of mutation]
 81172 | Zot:2    | Noticed an orb of fire
 81180 | Zot:2    | Killed an orb of fire
 81340 | Zot:2    | Noticed an ancient lich
 81447 | Zot:2    | Found a transporter.
 81450 | Zot:2    | Noticed an orb of fire
 81462 | Zot:2    | Found a shimmering blue altar of Sif Muna.
 81519 | Zot:2    | Noticed an orb of fire
 81712 | Zot:2    | Gained mutation: Your spells are a little easier to cast,
                  | but a little less powerful. [an orb of fire]
 81717 | Zot:2    | Killed an orb of fire
 81722 | Zot:2    | Killed an ancient lich
 81981 | Zot:2    | Found a transporter.
 82014 | Zot:2    | Lost mutation: Your spells are a little easier to cast, but
                  | a little less powerful. [potion of mutation]
 82014 | Zot:2    | Lost mutation: You are covered in fur. (AC +1) [potion of
                  | mutation]
 82014 | Zot:2    | Gained mutation: Your spells are a little harder to cast,
                  | but a little more powerful. [potion of mutation]
 82014 | Zot:2    | Gained mutation: You possess an exceptional clarity of
                  | mind. [potion of mutation]
 82014 | Zot:2    | Lost mutation: Your spells are a little harder to cast, but
                  | a little more powerful. [potion of mutation]
 82014 | Zot:2    | Gained mutation: You are highly resistant to hostile
                  | enchantments. (MR++) [potion of mutation]
 83334 | Zot:5    | Entered Level 5 of the Realm of Zot
 83730 | Zot:5    | Noticed an ancient lich
 83741 | Zot:5    | Killed an ancient lich
 83792 | Zot:5    | Noticed an orb of fire
 83796 | Zot:5    | Gained mutation: You are dopey. (Int -2) [an orb of fire]
 83797 | Zot:5    | Noticed an ancient lich
 83797 | Zot:5    | Noticed an orb of fire
 83798 | Zot:5    | Noticed an ancient lich
 83798 | Zot:5    | Gained mutation: You have razor-sharp toenails. [an orb of
                  | fire]
 83800 | Zot:5    | Gained mutation: You occasionally shout uncontrollably at
                  | your foes. [an orb of fire]
 83804 | Zot:5    | Killed an orb of fire
 83806 | Zot:5    | Gained mutation: Your magical capacity is low. (-10% MP)
                  | [an orb of fire]
 83810 | Zot:5    | Killed an orb of fire
 83810 | Zot:5    | Killed an ancient lich
 83810 | Zot:5    | Killed an ancient lich
 84121 | Zot:5    | Noticed an orb of fire
 84121 | Zot:5    | Gained mutation: You are clumsy. (Dex -2) [an orb of fire]
 84124 | Zot:5    | Noticed an orb of fire
 84140 | Zot:5    | Gained mutation: You are frail. (-10% HP) [an orb of fire]
 84141 | Zot:5    | Killed an orb of fire
 84143 | Zot:5    | Killed an orb of fire
 84410 | Zot:5    | Lost mutation: You possess an exceptional clarity of mind.
                  | [potion of mutation]
 84410 | Zot:5    | Lost mutation: Your magical capacity is low. (-10% MP)
                  | [potion of mutation]
 84410 | Zot:5    | Gained mutation: Your body sometimes deteriorates upon
                  | taking damage. [potion of mutation]
 84410 | Zot:5    | Gained mutation: You are partially covered in yellow
                  | scales. (AC +2) [potion of mutation]
 84410 | Zot:5    | Gained mutation: Your muscles are strong. (Str +2) [potion
                  | of mutation]
 84411 | Zot:5    | Lost mutation: You are partially covered in yellow scales.
                  | (AC +2) [potion of mutation]
 84411 | Zot:5    | Lost mutation: You are frail. (-10% HP) [potion of
                  | mutation]
 84411 | Zot:5    | Lost mutation: Your muscles are strong. (Str +2) [potion of
                  | mutation]
 84411 | Zot:5    | Lost mutation: You are clumsy. (Dex -2) [potion of
                  | mutation]
 84411 | Zot:5    | Gained mutation: You are agile. (Dex +2) [potion of
                  | mutation]
 84411 | Zot:5    | Lost mutation: You are dopey. (Int -2) [potion of mutation]
 84668 | Zot:5    | Reached skill level 10 in Throwing
 84926 | Zot:5    | Gained mutation: Your magical capacity is low. (-10% MP)
                  | [mutagenic glow]
 85023 | Zot:5    | Gained mutation: Armour fits poorly on your strangely
                  | shaped body. [mutagenic glow]
 85179 | Zot:5    | Noticed an orb of fire
 85179 | Zot:5    | Noticed an orb of fire
 85180 | Zot:5    | Gained mutation: You have a pair of small horns on your
                  | head. [an orb of fire]
 85182 | Zot:5    | Noticed an orb of fire
 85183 | Zot:5    | Killed an orb of fire
 85184 | Zot:5    | Lost mutation: You have razor-sharp toenails. [an orb of
                  | fire]
 85186 | Zot:5    | Lost mutation: Your body sometimes deteriorates upon taking
                  | damage. [an orb of fire]
 85187 | Zot:5    | Lost mutation: You are agile. (Dex +2) [an orb of fire]
 85187 | Zot:5    | Gained mutation: You possess an exceptional clarity of
                  | mind. [an orb of fire]
 85188 | Zot:5    | Gained mutation: You are weak. (Str -2) [an orb of fire]
 85198 | Zot:5    | Noticed an ancient lich
 85205 | Zot:5    | Gained mutation: You are frail. (-10% HP) [an orb of fire]
 85207 | Zot:5    | Killed an orb of fire
 85211 | Zot:5    | Killed an orb of fire
 85216 | Zot:5    | Killed an ancient lich
 85631 | Zot:5    | Noticed an ancient lich
 85644 | Zot:5    | Killed an ancient lich
 85646 | Zot:5    | Reached skill level 15 in Throwing
 85855 | Zot:5    | Lost mutation: You are frail. (-10% HP) [potion of
                  | mutation]
 85855 | Zot:5    | Lost mutation: Armour fits poorly on your strangely shaped
                  | body. [potion of mutation]
 85855 | Zot:5    | Lost mutation: You are highly resistant to hostile
                  | enchantments. (MR++) [potion of mutation]
 85855 | Zot:5    | Lost mutation: You are resistant to hostile enchantments.
                  | (MR+) [potion of mutation]
 85855 | Zot:5    | Lost mutation: You possess an exceptional clarity of mind.
                  | [potion of mutation]
 85855 | Zot:5    | Gained mutation: You possess an exceptional clarity of
                  | mind. [potion of mutation]
 85856 | Zot:5    | Lost mutation: You occasionally shout uncontrollably at
                  | your foes. [potion of mutation]
 85856 | Zot:5    | Lost mutation: You have sharp toenails. [potion of
                  | mutation]
 85856 | Zot:5    | Lost mutation: You possess an exceptional clarity of mind.
                  | [potion of mutation]
 85856 | Zot:5    | Gained mutation: You are occasionally teleported next to
                  | monsters. [potion of mutation]
 85856 | Zot:5    | Gained mutation: You are very weak. (Str -4) [potion of
                  | mutation]
 85856 | Zot:5    | Gained mutation: You evolve. [potion of mutation]
 85856 | Zot:5    | Lost mutation: You are very weak. (Str -4) [potion of
                  | mutation]
 85857 | Zot:5    | Lost mutation: You have a pair of small horns on your head.
                  | [potion of mutation]
 85857 | Zot:5    | Lost mutation: Your magical capacity is low. (-10% MP)
                  | [potion of mutation]
 85857 | Zot:5    | Lost mutation: You are weak. (Str -2) [potion of mutation]
 85857 | Zot:5    | Lost mutation: You evolve. [potion of mutation]
 85857 | Zot:5    | Gained mutation: You have a pair of small horns on your
                  | head. [potion of mutation]
 85857 | Zot:5    | Gained mutation: Your flesh is heat resistant. (rF+)
                  | [potion of mutation]
 85890 | Zot:5    | Got the Orb of Zot
 85993 | Zot:2    | Noticed Haat the pandemonium lord
 86001 | Zot:2    | Killed Haat the pandemonium lord
 86009 | Zot:2    | Learned a level 2 spell: Passwall
 86045 | Zot:1    | Noticed Yluga the pandemonium lord
 86056 | Zot:1    | Cast into level 5 of the Abyss (Yluga)
 86056 | Abyss:5  | Entered Level 5 of the Abyss
 86075 | Zot:1    | Escaped the Abyss
 86092 | Zot:1    | Killed Yluga the pandemonium lord
 86104 | Depths:5 | Gained mutation: Your spells are a little easier to cast,
                  | but a little less powerful. [mutagenic glow]
 86266 | D:15     | Noticed a seraph
 86334 | D:15     | Killed a seraph
 86374 | D:15     | Noticed Courgh the pandemonium lord
 86386 | D:15     | Killed Courgh the pandemonium lord
 86402 | D:15     | Gained mutation: You are dopey. (Int -2) [mutagenic glow]
 86416 | D:15     | Noticed Inoax the pandemonium lord
 86431 | D:15     | Killed from afar by Inoax the pandemonium lord

Levels and vault maps discovered:
D:1:      denvon_arrival_planthouse, layout_basic
D:2:      layout_loops_corners, grunt_dithmenos_smoke, tso_metal_star,
          uniq_natasha
D:3:      layout_rooms, nicolae_overflow_hidden_temple,
          gammafunk_temple_overflow_wave, fedhas_altar_1, uniq_jessica
D:4:      layout_loops_ring, gammafunk_temple_overflow_pools,
          old_standard_altar, serial_shops, kennysheep_mini_moat,
          uniq_blork_the_orc
D:5:      layout_basic, first_ration, basic_altar, ebering_ghost_sewer_f,
          minmay_stone_trees_large, sigmund_army, uniq_eustachio, uniq_menkaure
D:6:      layout_layer_cave, kennysheep_mini, minmay_temple_entry_waves,
          serial_shops, shop, st_stairs_6
D:7:      layout_loops_ring, grunt_ogre_cave
D:8:      layout_basic, slow_altar_1, lair_entry_dummy,
          ebering_ghost_disaster_area, serial_shops, shop, shop, shop,
          nicolae_ashenzari_panopticon
D:9:      gammafunk_jiyva_shrine, layout_basic, yredelemnul_altar_generic,
          gammafunk_ghost_smash
D:10:     kennysheep_big_flooded_room, layout_loops_corners, serial_shops,
          kennysheep_little_box, hangedman_incinerator, uniq_psyche
D:11:     layout_basic, orc_0_dummy, basic_altar, st_stairs_6, minivault_22
D:12:     minmay_nested_s, layout_rooms
D:13:     minmay_slanted_spiral_squares, layout_basic, david_vaults_1,
          door_vault
D:14:     layout_loops_cross
D:15:     hangedman_slaughterboxes, uniq_rupert
Temple:   eino_wide_crystal_templ
Lair:1:   layout_big_grid, st_stairs_12, minivault_11
Lair:2:   layout_gridlike, minmay_shoals_entry_centaurs,
          guppyfry_snake_entry_garden, portal_ice_cave_demonic_guard
Lair:3:   layout_misc_corridors, gauntlet_entry_generic,
          minmay_lair_oklob_chamber, infiniplex_staircase_pool, uniq_snorg
Lair:4:   layout_misc_corridors, lightli_volcano_entry_magma_tube,
          beast_lair_carwin_1, grunt_megastairs_5, lemuel_fruit_tree,
          infiniplex_staircase_pool_2
Lair:5:   layout_cave_shapes
Lair:6:   hangedman_lair_in_review, layout_hall_layers,
          guppyfry_lair_end_dragon, slime_dummy, basic_altar
Shoals:1: argonaut_golden_fleece, layout_shoals, nicolae_shoals_seven_spires,
          uniq_louise, uniq_nikola, uniq_kirke
Shoals:2: layout_shoals, serial_shops, shop
Shoals:3: layout_shoals
Shoals:4: shoals_end_grunt_garden, layout_shoals, serial_shops, shop
Snake:1:  layout_layer_cave
Snake:2:  layout_misc_corridors, uniq_roxanne, uniq_aizul
Snake:3:  layout_chambers, serial_bayou_shore_b
Snake:4:  johnstein_snake_rune_scales, layout_onion, grunt_megastairs_4
Orc:1:    layout_caves, mines1_david, uniq_gastronok
Orc:2:    pubby_orc_utopia, uniq_nessos, uniq_sonja, uniq_josephine
Elf:1:    elf_arrival_001, layout_gridlike, hangedman_elf_represent,
          minmay_strange_pillars, grunt_megastairs_2
Elf:2:    layout_gridlike, portal_desolation_entry_garden, tgw_sif
Elf:3:    elf_hall, layout_geoelf_octagon, basic_altar, minmay_strange_pillars,
          minivault_16, st_stairs_13
Vaults:1: vaults_room_large_hall, nicolae_vaults_shelves_hall,
          nicolae_vaults_little_squares_4, ontoclasm_vaults_decontamination,
          hangedman_vaults_stretched_pinwheel, nicolae_vaults_circle_grid_b,
          v_misc_15, v_alt_pattern_5, vaults_room_pool,
          nicolae_vaults_yaktaur_gun_rack, ontoclasm_vaults_twist,
          layout_vaults_omnibox
Vaults:2: v_misc_8, minmay_crypt_entry_simple_box, vaults_room_pool,
          vaults_room_hangedman_quadrants, dpeg_vaults_monster_box,
          ontoclasm_vaults_ring_square, vaults_room_pool,
          layout_vaults_omnigrid, serial_shops, shop, uniq_margery, uniq_sojobo
Vaults:3: nicolae_vaults_little_squares_3, ontoclasm_vaults_shout,
          hangedman_vaults_restitches, v_alt_pattern_2,
          nicolae_vaults_circle_grid_a, nicolae_vaults_asterisk, v_misc_9,
          v_misc_12, v_misc_4, nicolae_vaults_circle_grid_a,
          vaults_room_hallway, nicolae_vaults_angled_halls,
          nicolae_vaults_diagonal_hallway_9, vaults_dpeg_encased_lava,
          v_misc_22, vaults_room_pool, nicolae_vaults_little_squares_5,
          v_misc_24, layout_vaults_big_cross
Vaults:4: hangedman_vaults_nodes, nicolae_vaults_big_ls,
          nicolae_vaults_lopsided_apartments, nicolae_vaults_alarming,
          v_alt_pattern_6, vaults_room_fancy_cross, nicolae_vaults_shelves_hall,
          hangedman_vaults_snaps, hangedman_vaults_restitches,
          layout_vaults_ring, serial_shops, nicolae_shop_stone, uniq_frederick,
          uniq_mennas
Vaults:5: uniq_boris
Depths:1: layout_roguey, special_room [special_room_mythical_zoo], hell_entry,
          kennysheep_cross_bottleneck, mu_enter_wizlab_3, due_unseen_surprise,
          minmay_shop_grove, uniq_mara
Depths:2: grunt_crosshair, layout_gridlike, hell_entry, serial_bayou_pond_a,
          st_stairs_12, uniq_enchantress
Depths:3: minmay_the_grid_triangle_9x9_recursive_3
          [minmay_the_grid_triangle_9x9_subtriangle,
          minmay_the_grid_triangle_9x9_dagger,
          minmay_the_grid_triangle_9x9_shrine,
          minmay_the_grid_triangle_9x9_prize_special,
          minmay_the_grid_triangle_9x9_empty,
          minmay_the_grid_triangle_9x9_empty,
          minmay_the_grid_triangle_9x9_alien,
          minmay_the_grid_triangle_9x9_corrupted_corridor,
          minmay_the_grid_triangle_9x9_semitri], layout_cave_shapes,
          enter_ziggurat_f, roderic_st_hans_cross, pan_entry, lightli_too_deep,
          minmay_misc_feat_chi, kennysheep_just_a_vault,
          infiniplex_staircase_pillars_2, serial_bayou_shore_b, uniq_asterion
Depths:4: cross_vault, layout_cave_shapes, serial_co_window_serial,
          co_window_paths_a, co_window_corner_a, co_window_corner_a,
          co_window_corner_a, co_window_paths_b, co_window_broadway_b,
          co_window_of_opportunity_b, co_window_cross_2, co_window_corner_b,
          co_window_cross_4, co_window_4corner_a, glass_columns_a,
          glass_columns_b, glass_columns_b, glass_columns_a, hell_entry,
          pan_entry, abyss_entry_flame_altar, kennysheep_generic_room_15
Depths:5: grunt_zot_entry_funnels, layout_cave_shapes, minmay_crystal_room,
          serial_shops, shop, grunt_hell_entry_dis_mu
Zot:1:    layout_cathedral_of_symmetry, grunt_ministairs_1, zot_minivault_5
Zot:2:    gammafunk_sealed_library, layout_cathedral_of_symmetry, nrook_zot_tub
Zot:3:    layout_gridville
Zot:4:    hangedman_zot_vaults_quadrants, layout_onion_interference,
          skrybe_zot_glass_3
Zot:5:    layout_misc_corridors, st_stairs_9

Skill      XL: |  1  2  3  4  5  6  7  8  9 10 11 12 13 14 15 16 17 18 19 20 21 22 23 24 25 26 27 |
---------------+----------------------------------------------------------------------------------+-----
Fighting       | 3 4 5 7 8 10 12 14 15 17 18 19 20 22 24 | 24.1
Charms         | 3 4 5 6 |  6.2
Hexes          | 1 2 3 |  3.6
Spellcasting   | 3 4 8 10 12 | 12.0
Maces & Flails | 2 5 6 |  6.8
Evocations     | 3 4 5 8 |  8.0
Dodging        | 5 6 8 10 11 13 14 15 16 17 | 17.0
Invocations    | 6 9 12 13 14 15 16 18 | 18.0
Throwing       | 6 15 | 15.0
Long Blades    | 7 12 15 18 20 21 23 24 | 24.0
Transmutations | 1 6 10 11 14 | 14.8
Earth Magic    | 1 6 10 11 14 | 14.8
Conjurations   | 4 5 |  5.0
Necromancy     | 4 5 |  5.0
Translocations | 8 10 15 | 15.0

Action                   |  1- 3 |  4- 6 |  7- 9 | 10-12 | 13-15 | 16-18 | 19-21 | 22-24 | 25-27 || total
-------------------------+-------+-------+-------+-------+-------+-------+-------+-------+-------++-------
Melee: Mace              |    81 |   247 |       |       |       |       |       |       |       ||   328
       Flail             |       |       |   322 |   379 |    77 |       |       |       |       ||   778
       Giant club        |       |       |       |   173 |   704 |       |       |       |       ||   877
       Triple sword      |       |       |       |       |   161 |   978 |  1143 |   874 |  1531 ||  4687
       Great sword       |       |       |       |       |    70 |       |       |       |       ||    70
       Unarmed           |       |       |       |       |       |       |     1 |     6 |       ||     7
       Kick              |       |       |       |       |       |       |       |       |   269 ||   269
       Headbutt          |       |       |       |       |       |       |       |       |    25 ||    25
Throw: Dart              |     8 |       |       |       |       |       |       |       |       ||     8
       Javelin           |       |       |       |       |     2 |     3 |    14 |       |       ||    19
       Large rock        |       |       |       |       |       |    41 |   117 |       |     3 ||   161
 Cast: Infusion          |    18 |    24 |     6 |     1 |     3 |       |       |       |       ||    52
       Shroud of Golubri |     3 |     3 |     7 |    20 |    34 |    18 |     3 |     1 |     1 ||    90
       Spectral Weapon   |       |     1 |    22 |    62 |   145 |   119 |    58 |     1 |    15 ||   423
       Ozocubu's Armour  |       |       |     1 |     5 |    13 |     2 |       |       |       ||    21
       Statue Form       |       |       |       |       |       |       |    13 |    66 |   103 ||   182
       Irradiate         |       |       |       |       |       |       |     7 |     9 |    38 ||    54
       Borgnjor's Vile C |       |       |       |       |       |       |     1 |    27 |    22 ||    50
       Passage of Golubr |       |       |       |       |       |       |       |     3 |     1 ||     4
       Lesser Beckoning  |       |       |       |       |       |       |       |     1 |    26 ||    27
       Apportation       |       |       |       |       |       |       |       |       |    15 ||    15
       Passwall          |       |       |       |       |       |       |       |       |     1 ||     1
Invok: Line Pass         |       |       |       |     1 |       |       |     1 |       |       ||     2
       Grand Finale      |       |       |       |       |       |       |       |     3 |     8 ||    11
 Abil: Evoke Berserk Rag |       |     2 |     6 |     6 |     1 |       |       |       |       ||    15
       End Transformatio |       |       |       |       |       |       |     1 |     2 |    10 ||    13
Evoke: Wand              |       |       |     4 |    18 |    17 |    15 |    27 |     6 |    10 ||    97
       Phial of floods   |       |       |       |       |     1 |       |     1 |       |       ||     2
       Lightning rod     |       |       |       |       |       |     3 |     5 |       |       ||     8
  Use: Scroll            |       |     8 |     7 |    12 |    10 |     4 |    29 |    11 |    24 ||   105
       Potion            |       |     2 |     2 |       |     5 |     7 |    15 |     3 |    30 ||    64
 Stab: Distracted        |       |     1 |       |     2 |     4 |     4 |     5 |     1 |     1 ||    18
       Paralysed         |       |       |     4 |    14 |    36 |    67 |   107 |    95 |   174 ||   497
       Confused          |       |       |       |       |       |       |     1 |       |       ||     1
       Held in net/web   |       |       |       |       |       |       |     1 |       |       ||     1
       Petrified         |       |       |       |       |       |       |       |       |     3 ||     3
       Petrifying        |       |       |       |       |       |       |       |       |     1 ||     1
  Eat: Chunk             |     2 |    14 |    19 |    32 |    56 |    30 |    41 |    49 |    59 ||   302
       Ration            |       |       |     3 |     2 |     2 |    11 |     8 |     9 |    17 ||    52
Armor: Robe              |    25 |   100 |    90 |    46 |    36 |   150 |       |       |       ||   447
       Troll leather arm |       |       |       |   116 |   226 |       |       |       |       ||   342
       Steam dragon scal |       |       |       |       |    31 |       |       |       |       ||    31
       Animal skin       |       |       |       |       |     2 |       |       |       |       ||     2
       Skin              |       |       |       |       |    25 |       |   109 |   536 |   942 ||  1612
       Acid dragon scale |       |       |       |       |       |    60 |   193 |    75 |   130 ||   458
Dodge: Dodged            |    52 |   157 |   232 |   455 |  1229 |  1096 |  1353 |  1089 |  1835 ||  7498
Block: Other             |       |       |       |       |       |   115 |   244 |   175 |   318 ||   852
       Reflection        |       |       |       |       |       |    11 |    36 |     7 |    12 ||    66
       Rpst.: Triple sword |       |       |       |       |    43 |   225 |   260 |   192 |   285 ||  1005
       Great sword       |       |       |       |       |    21 |       |       |       |       ||    21

Table legend:
 A = Non-vault XP
 B = Vault XP
 C = Vault XP percentage of total XP
 D = Non-vault monster count
 E = Vault monster count
 F = Vault count percentage of total count
                 A         B        C        D         E       F
            +---------+---------+-------+---------+---------+-------
      Total |  862218 | 1030436 |  54.4 |    1429 |    1133 |  44.2
            +---------+---------+-------+---------+---------+-------
        D:1 |      54 |       0 |   0.0 |      20 |       0 |   0.0
        D:2 |     168 |      35 |  17.2 |      28 |       1 |   3.4
        D:3 |     123 |      37 |  23.1 |      27 |       1 |   3.6
        D:4 |     244 |      96 |  28.2 |      18 |       1 |   5.3
        D:5 |     439 |     373 |  45.9 |      13 |       6 |  31.6
        D:6 |     445 |      63 |  12.4 |      11 |       2 |  15.4
        D:7 |    1080 |     125 |  10.4 |      13 |       1 |   7.1
        D:8 |    2365 |     874 |  27.0 |      25 |       2 |   7.4
        D:9 |    1120 |       0 |   0.0 |      28 |       0 |   0.0
       D:10 |    1254 |    1621 |  56.4 |      16 |       7 |  30.4
       D:11 |    7327 |    1014 |  12.2 |      52 |       2 |   3.7
       D:12 |    5470 |   25306 |  82.2 |      32 |      51 |  61.4
       D:13 |    7227 |   16568 |  69.6 |      32 |      31 |  49.2
       D:14 |    5699 |       0 |   0.0 |      29 |       0 |   0.0
       D:15 |     518 |   40410 |  98.7 |       2 |      83 |  97.6
     Temple |       3 |       0 |   0.0 |       1 |       0 |   0.0
     Lair:1 |     916 |     778 |  45.9 |       5 |       2 |  28.6
     Lair:2 |    4840 |    1031 |  17.6 |      15 |       5 |  25.0
     Lair:3 |    4287 |    3995 |  48.2 |      21 |      10 |  32.3
     Lair:4 |   13898 |    2690 |  16.2 |      34 |      14 |  29.2
     Lair:5 |   11674 |       0 |   0.0 |      34 |       0 |   0.0
     Lair:6 |    9293 |   13224 |  58.7 |      31 |      32 |  50.8
   Shoals:1 |   12558 |    9239 |  42.4 |      27 |       7 |  20.6
   Shoals:2 |   19577 |       0 |   0.0 |      39 |       0 |   0.0
   Shoals:3 |    9434 |     889 |   8.6 |      20 |       1 |   4.8
   Shoals:4 |   14264 |   18648 |  56.7 |      36 |      31 |  46.3
    Snake:1 |    9637 |       0 |   0.0 |      17 |       0 |   0.0
    Snake:2 |   22788 |    3448 |  13.1 |      44 |       2 |   4.3
    Snake:3 |   16909 |       0 |   0.0 |      27 |       0 |   0.0
    Snake:4 |   19346 |   42159 |  68.5 |      34 |      68 |  66.7
      Orc:1 |    3370 |    2203 |  39.5 |      23 |       1 |   4.2
      Orc:2 |       0 |   25235 | 100.0 |       0 |     148 | 100.0
      Elf:1 |   18071 |    9754 |  35.1 |      29 |      15 |  34.1
      Elf:2 |   19584 |   22681 |  53.7 |      35 |      27 |  43.5
      Elf:3 |   12228 |   34913 |  74.1 |      18 |      23 |  56.1
   Vaults:1 |   15921 |    5631 |  26.1 |      35 |      14 |  28.6
   Vaults:2 |   16090 |   26839 |  62.5 |      25 |      25 |  50.0
   Vaults:3 |   17903 |   19969 |  52.7 |      25 |      40 |  61.5
   Vaults:4 |   44098 |   88742 |  66.8 |      70 |      77 |  52.4
   Vaults:5 |   22402 |   95105 |  80.9 |      33 |      72 |  68.6
   Depths:1 |   34687 |   28001 |  44.7 |      54 |      27 |  33.3
   Depths:2 |    7280 |   41618 |  85.1 |      15 |      34 |  69.4
   Depths:3 |   31791 |   47647 |  60.0 |      31 |      32 |  50.8
   Depths:4 |   40310 |   13300 |  24.8 |      38 |       7 |  15.6
   Depths:5 |   69631 |   22477 |  24.4 |      60 |      16 |  21.1
      Zot:1 |   44282 |   24353 |  35.5 |      29 |      13 |  31.0
      Zot:2 |   31535 |   38451 |  54.9 |      12 |      14 |  53.8
      Zot:3 |   82420 |       0 |   0.0 |      56 |       0 |   0.0
      Zot:4 |   66247 |   65304 |  49.6 |      40 |      32 |  44.4
      Zot:5 |   56955 |  191311 |  77.1 |      35 |      44 |  55.7
    Abyss:3 |    7661 |    3812 |  33.2 |      10 |       5 |  33.3
    Abyss:4 |   16795 |       0 |   0.0 |      25 |       0 |   0.0
      IceCv |       0 |   11168 | 100.0 |       0 |      43 | 100.0
    Volcano |       0 |    4717 | 100.0 |       0 |      22 | 100.0
     WizLab |       0 |   19960 | 100.0 |       0 |      31 | 100.0
   Gauntlet |       0 |    4622 | 100.0 |       0 |      11 | 100.0
            +---------+---------+-------+---------+---------+-------
